 Dungeon Crawl Stone Soup version 0.25-a0-443-gece2dee8bd (webtiles) character file.

Game seed: 5771078410573818675, levelgen mode: deterministic

733 zxxczcas the Ruffian (level 7, 0/100 HPs)
             Began as a Troll Berserker on Jan 30, 2020.
             Was a Believer of Trog.
             Slain by Pikel
             ... wielding a +0 whip of electrocution
              (12 damage)
             ... on level 5 of the Dungeon.
             The game lasted 00:11:12 (3152 turns).

zxxczcas the Ruffian (Troll Berserker)              Turns: 3152, Time: 00:11:12

Health: 0/100      AC:  2    Str: 31    XL:     7   Next: 45%
Magic:  6/6        EV: 11    Int:  3    God:    Trog [**....]
Gold:   129        SH:  0    Dex: 11    Spells: 6/6 levels left

rFire    . . .     SeeInvis .     - Unarmed
rCold    . . .     Gourm    +   (no shield)
rNeg     . . .     Faith    .   a - +0 animal skin
rPois    .         Spirit   .   (helmet restricted)
rElec    .         Reflect  .   (no cloak)
rCorr    +         Harm     .   (gloves unavailable)
MR       .....                  (boots unavailable)
Stlth    ..........             s - amulet of the acrobat
HPRegen  0.66/turn              t - ring of resist corrosion
MPRegen  0.10/turn              (no ring)

@: berserking, corroded, very quick
A: large, unfitting armour, claws 3, fast metabolism 3, gourmand, regeneration
1, shaggy fur 1, tough skin 3
a: Berserk, Trog's Hand, Renounce Religion


You were on level 5 of the Dungeon.
You worshipped Trog.
Trog was pleased with you.
You were very full.

You visited 1 branch of the dungeon, and saw 5 of its levels.

You collected 129 gold pieces.

Inventory:

Armour
 a - a +0 animal skin (worn)
Jewellery
 s - an amulet of the acrobat (around neck)
 t - a ring of resist corrosion (left claw)
Scrolls
 c - a scroll of magic mapping {unknown}
 f - 2 scrolls of remove curse {unknown}
 i - a scroll of immolation {unknown}
 l - 2 scrolls of enchant weapon {unknown}
 n - a scroll of enchant armour {unknown}
 p - a scroll of noise {unknown}
 u - a scroll of identify
Potions
 d - 2 potions of lignification {unknown}
 e - a potion of magic {unknown}
 g - a potion of mutation {unknown}
 h - a potion of ambrosia {unknown}
 j - 2 potions of curing {unknown}
 k - 2 potions of brilliance {unknown}
 m - a potion of resistance {unknown}
 o - a potion of heal wounds {unknown}
 q - a potion of agility {unknown}
 r - 3 potions of cancellation {unknown}
Comestibles
 b - 9 rations


   Skills:
 + Level 3.2 Fighting
 + Level 4.4 Dodging
 + Level 1.0 Stealth
 + Level 6.7 Unarmed Combat


You had 6 spell levels left.
You didn't know any spells.
Your spell library was empty.

Dungeon Overview and Level Annotations

Branches:
Dungeon (5/15)
 Temple: D:4-7

Altars:
Elyvilon
Gozag
Trog
Wu Jian
Xom
Yredelemnul

Shops:
D:5 ?

Annotations:
D:5 Pikel


Innate Abilities, Weirdness & Mutations

You are too large for most types of armour.
You have claws for hands.
Your metabolism is lightning-fast.
You like to eat raw meat.
Your natural rate of healing is unusually fast.
You are covered in fur. (AC +1)
You have extremely tough skin. (AC +3)


Message History

The slave hits you but does no damage.
A red film seems to cover your vision as you go berserk!
You feel yourself moving faster!
You feel mighty!
You feel quite a bit less full. Pikel hits you but does no damage.
The slave hits you!
* * * LOW HITPOINT WARNING * * *
The jelly closely misses you. The slave hits you.
* * * LOW HITPOINT WARNING * * *
You mangle Pikel!!
Pikel is severely wounded.
Pikel barely misses you.
You completely miss Pikel.
Pikel is severely wounded.
The slave closely misses you. The jelly completely misses you.
The slave hits you.
* * * LOW HITPOINT WARNING * * *
Pikel hits you with a +0 whip of electrocution!
* * * LOW HITPOINT WARNING * * *
You are electrocuted!
You die...

#.(.....#
....###.#
#.###...#
###.....#
.#.......#
.###.....#
+ ###...#
....###p#
#....pp@#
#.....JK#
##.....p#
#......#
#......#
########


You could see Pikel, 4 slaves and a jelly.

Vanquished Creatures
  Grinder (D:3)
  Duvessa (D:4)
  A sky beast (D:5)
  Dowan (D:4)
  A howler monkey (D:4)
  Crazy Yiuf (D:2)
  A centaur skeleton (D:5)
  An iguana (D:4)
  A worker ant (D:5)
  A worker ant zombie (D:5)
  7 adders
  A worm (D:3)
  A dart slug (D:1)
  3 leopard geckos
  2 orcs (D:3)
  3 giant cockroaches
  5 goblins
  6 hobgoblins
  3 jackals (D:2)
  2 quokkas
  2 ball pythons
  3 bats
  4 frilled lizards
  A jackal skeleton (D:5)
  A jackal zombie (D:5)
  11 kobolds
  6 rats
  A fungus (D:2)
72 creatures vanquished.

Notes
Turn   | Place    | Note
-------+----------+-------------------------------------------
     0 | D:1      | zxxczcas the Troll Berserker began the quest for the Orb.
     0 | D:1      | Reached XP level 1. HP: 22/22 MP: 0/0
   107 | D:1      | Reached XP level 2. HP: 26/29 MP: 1/1
  1094 | D:2      | Reached XP level 3. HP: 16/36 MP: 2/2
  1213 | D:2      | Reached ** piety under Trog
  1419 | D:2      | Found a runed translucent door.
  1420 | D:2      | Noticed Crazy Yiuf
  1827 | D:2      | Killed Crazy Yiuf
  1827 | D:2      | Reached skill level 4 in Unarmed Combat
  1827 | D:2      | Reached XP level 4. HP: 40/44 MP: 3/3
  2009 | D:3      | Noticed Grinder
  2029 | D:3      | Killed Grinder
  2029 | D:3      | Reached skill level 5 in Unarmed Combat
  2029 | D:3      | Reached XP level 5. HP: 40/53 MP: 4/4
  2029 | D:3      | Reached XP level 6. HP: 46/61 MP: 5/5
  2309 | D:4      | Noticed Duvessa
  2309 | D:4      | Noticed Dowan
  2324 | D:4      | Killed Duvessa
  2351 | D:4      | Killed Dowan
  2351 | D:4      | Reached skill level 6 in Unarmed Combat
  2482 | D:4      | Reached XP level 7. HP: 67/67 MP: 6/6
  2779 | D:4      | Found an opulent altar of Gozag.
  2782 | D:4      | Found a bloodstained altar of Trog.
  2782 | D:4      | Found a basalt altar of Yredelemnul.
  2782 | D:4      | Found a shimmering altar of Xom.
  2784 | D:4      | Found a white marble altar of Elyvilon.
  2785 | D:4      | Found an ornate altar of the Wu Jian Council.
  2940 | D:5      | Entered Level 5 of the Dungeon
  3115 | D:5      | Found Amisokla's Magic Scroll Boutique.
  3133 | D:5      | Reached skill level 1 in Stealth
  3139 | D:5      | Noticed Pikel
  3152 | D:5      | Slain by Pikel

Levels and vault maps discovered:
D:1:      ebering_trefoil_twist, layout_basic, st_stairs_5
D:2:      layout_loops_ring, uniq_crazy_yiuf_cottage
D:3:      layout_rooms, uniq_grinder
D:4:      layout_basic, grunt_temple_overflow_open, first_ration, uniq_duvessa
D:5:      layout_basic, nicolae_ashenzari_panopticon, serial_shops,
          shop_fountains, kennysheep_generic_room_5, uniq_ijyb, uniq_pikel

Skill      XL: |  1  2  3  4  5  6  7 |
---------------+----------------------+-----
Dodging        | 3 4 |  4.4
Unarmed Combat | 4 5 6 |  6.7
Fighting       | 3 |  3.2
Stealth        | 1 |  1.0

Action                   |  1- 3 |  4- 6 |  7- 9 || total
-------------------------+-------+-------+-------++-------
Melee: Unarmed           |   108 |    74 |    57 ||   239
       Punch             |     1 |       |       ||     1
Invok: Berserk           |       |     1 |     1 ||     2
  Use: Scroll            |       |     3 |     1 ||     4
 Stab: Sleeping          |       |     2 |       ||     2
  Eat: Chunk             |    21 |     8 |     5 ||    34
Armor: Animal skin       |    36 |    17 |    21 ||    74
Dodge: Dodged            |    63 |    37 |    42 ||   142

Table legend:
 A = Non-vault XP
 B = Vault XP
 C = Vault XP percentage of total XP
 D = Non-vault monster count
 E = Vault monster count
 F = Vault count percentage of total count
                 A         B        C        D         E       F
            +---------+---------+-------+---------+---------+-------
      Total |     493 |     555 |  53.0 |      65 |       6 |   8.5
            +---------+---------+-------+---------+---------+-------
        D:1 |      26 |       4 |  13.3 |      14 |       2 |  12.5
        D:2 |      56 |      40 |  41.7 |      22 |       1 |   4.3
        D:3 |      56 |     277 |  83.2 |      16 |       1 |   5.9
        D:4 |     119 |     234 |  66.3 |       6 |       2 |  25.0
        D:5 |     236 |       0 |   0.0 |       7 |       0 |   0.0
            +---------+---------+-------+---------+---------+-------
